 Dungeon Crawl Stone Soup version 0.31.0-9-g3a7656b989 (webtiles) character file.

Game seed: 1966479043223665219

2226200 Monkooky the Slayer (level 22, 202/202 (217) HPs)
             Began as a Minotaur Fighter on Jan 24, 2024.
             Was the Champion of Jiyva.
             Escaped with the Orb
             ... and 3 runes
             ... and 1 gem!
             The game lasted 01:21:49 (38467 turns).

Monkooky the Slayer (Minotaur Fighter)             Turns: 38467, Time: 01:21:50

HP:   202/202 (217) AC: 41    Str: 33 (34) XL:     22   Next: 2%
MP:   22/22         EV: 12    Int: 20 (22) God:    Jiyva [******]
Gold: 621           SH: 20    Dex:  9      Spells: 21/21 levels left

rFire   + + .        L - +9 broad axe (heavy)
rCold   + + .        P - +0 tower shield {AC+3}
rNeg    . . .        C - +8 plate armour "Usarhot" {+Blink rElec Str+2}
rPois   +            l - +2 hat {Int+3}
rElec   +            S - +1 cloak
rCorr   +            i - +0 pair of gloves "Wecrahoe" {rC++ Stlth+}
SInv    +            H - +1 pair of boots {rampage}
Will    +....        O - amulet of Past Mistakes {rF+ Regen+} Stlth
                     G - ring of Wiocseib {rPois Str+2}
HPRegen 2.93/turn    h - ring of the Death Scarab {rF+ Int+6 Dex+3}
MPRegen 0.98/turn

%: random rage (3%), rampage
@: studying 2 skills, drained
A: horns 2, retaliatory headbutt, berserk 1, clever 2, clumsy 1, deterioration
2, sense surroundings 3, eyeballs 3, MP-powered wands
0: Orb of Zot
}: 3/15 runes: decaying, serpentine, slimy
a: Renounce Religion, Evoke Blink, Oozemancy, Slimify


You escaped.
You worshipped Jiyva.
Jiyva was exalted by your worship.
You visited 10 branches of the dungeon, and saw 48 of its levels.
You visited 1 bazaar.

You collected 4309 gold pieces.
You spent 3688 gold pieces at shops.

Inventory:

Hand Weapons
 L - a +9 heavy broad axe (weapon)
Missiles
 J - 11 javelins
 N - 16 curare-tipped darts
Armour
 i - the +0 pair of gloves "Wecrahoe" (worn) {rC++ Stlth+}
   (You found it on level 5 of the Pits of Slime)

   rC++:      It greatly protects you from cold.
   Stlth+:    It makes you more stealthy.
 l - a +2 hat of intelligence (worn)
 C - the +8 plate armour "Usarhot" (worn) {+Blink rElec Str+2}
   (You bought it in a shop on level 4 of the Snake Pit)

   Str+2:     It affects your strength (+2).
   rElec:     It insulates you from electricity.
   +Blink:    It lets you blink.
 H - a +1 pair of boots of rampaging (worn)
 P - a +0 tower shield of protection (worn)
 S - a +1 cloak (worn)
Jewellery
 h - the ring of the Death Scarab (right hand) {rF+ Int+6 Dex+3}
   (You acquired it on level 5 of the Dungeon)

   [ring of intelligence]

   Int+6:     It affects your intelligence (+6).
   Dex+3:     It affects your dexterity (+3).
   rF+:       It protects you from fire.
 q - the ring "Myofioxi" {Ice rN++ Will+ rCorr Dex-4}
   (You took it off Josephina on level 2 of the Depths)

   [ring of ice]

   Ice:       It enhances your ice magic.
   Dex-4:     It affects your dexterity (-4).
   rF-:       It makes you vulnerable to fire.
   rC+:       It protects you from cold.
   rN++:      It greatly protects you from negative energy.
   Will+:     It increases your willpower.
   rCorr:     It protects you from acid and corrosion.
 v - the amulet "Hellues" {RegenMP *Corrode +Blink rElec Slay+5}
   (You acquired it on level 3 of the Dungeon)

   [amulet of magic regeneration]

   RegenMP:   It increases your rate of magic regeneration.
   Slay+5:    It affects your accuracy & damage with ranged weapons and melee
   (+5).
   rElec:     It insulates you from electricity.
   +Blink:    It lets you blink.
   *Corrode:  It may corrode you when you take damage.
 G - the ring of Wiocseib (left hand) {rPois Str+2}
   (You bought it in a shop on level 2 of the Snake Pit)

   [ring of poison resistance]

   Str+2:     It affects your strength (+2).
   rPois:     It protects you from poison
 O - the amulet of Past Mistakes (around neck) {rF+ Regen+}
   (You found it on level 5 of the Pits of Slime)

   [amulet of regeneration]

   rF+:       It protects you from fire.
   Regen+:    It increases your rate of health regeneration.
 R - the ring of Igileyl {Ice Fly rPois rN++ Str-5}
   (You found it on level 12 of the Dungeon)

   [ring of ice]

   Ice:       It enhances your ice magic.
   Str-5:     It affects your strength (-5).
   rF-:       It makes you vulnerable to fire.
   rC+:       It protects you from cold.
   rPois:     It protects you from poison rN++: It greatly protects you from
   negative energy.
   Fly:       It grants you flight.
 T - the ring of Arhidos {Fire Dex+5}
   (You found it on level 1 of the Elven Halls)

   [ring of fire]

   Fire:      It enhances your fire magic.
   Dex+5:     It affects your dexterity (+5).
   rF+:       It protects you from fire.
   rC-:       It makes you vulnerable to cold.
 W - a +5 ring of evasion
 X - the ring of Miuss {Wiz rElec Str-2 SInv}
   (You found it on level 5 of the Pits of Slime)

   [ring of wizardry]

   Wiz:       It improves your spell success rate.
   Str-2:     It affects your strength (-2).
   rElec:     It insulates you from electricity.
   SInv:      It lets you see invisible.
 Y - the ring "Hoarch" {rElec rC+ rCorr}
   (You found it on level 5 of the Pits of Slime)

   [ring of resist corrosion]

   rC+:       It protects you from cold.
   rElec:     It insulates you from electricity.
   rCorr:     It protects you from acid and corrosion.
Wands
 a - a wand of digging (22)
 A - a wand of polymorph (10)
 D - a wand of quicksilver (1)
 K - a wand of roots (23)
 Q - a wand of flame (29) (quivered)
 V - a wand of mindburst (14)
 Z - a wand of paralysis (30)
Scrolls
 b - a scroll of enchant weapon
 f - 11 scrolls of teleportation
 j - 4 scrolls of amnesia
 u - 6 scrolls of fog
 y - 5 scrolls of fear
 B - 2 scrolls of poison
 E - 2 scrolls of brand weapon
 F - a scroll of blinking
 M - 6 scrolls of identify
 U - 2 scrolls of silence
Potions
 c - 2 potions of berserk rage
 d - 2 potions of might
 e - 8 potions of mutation
 g - 2 potions of ambrosia
 k - 4 potions of cancellation
 m - 3 potions of brilliance
 n - 8 potions of lignification
 o - a potion of resistance
 p - a potion of magic
 r - 6 potions of heal wounds
 s - 6 potions of invisibility
 t - a potion of haste
 w - 6 potions of curing
 x - 8 potions of enlightenment
 z - 6 potions of attraction


   Skills:
 * Level 22.9 Fighting
 + Level 19.2 Axes
 * Level 22.6 Armour
 + Level 14.1 Dodging
 * Level 21.5 Shields
 - Level 2.4 Invocations
 - Level 14.0 Evocations


You had 21 spell levels left.
You didn't know any spells.
Your spell library contained the following spells:

 Spells                   Type           Power      Damage    Failure   Level
 Apportation              Tloc           0%         N/A       63%         1
 Kiss of Death            Conj/Necr      0%         2d5       63%         1
 Magic Dart               Conj           0%         1d3       63%         1
 Slow                     Hex            0%         N/A       63%         1
 Cigotuvi's Dreadful Rot  Necr/Alch/Air  0%         N/A       77%         2
 Ensorcelled Hibernation  Hex/Ice        0%         N/A       77%         2
 Jinxbite                 Hex            0%         N/A       77%         2
 Lesser Beckoning         Tloc           0%         N/A       77%         2
 Mercury Vapours          Alch/Air       0%         N/A       77%         2
 Searing Ray              Conj           0%         2d4       77%         2
 Sublimation of Blood     Necr           0%         N/A       77%         2
 Confusing Touch          Hex            0%         N/A       94%         3
 Dazzling Flash           Conj/Hex       0%         N/A       94%         3
 Fugue of the Fallen      Necr           0%         N/A       94%         3
 Gell's Gravitas          Tloc           0%         N/A       94%         3
 Inner Flame              Hex/Fire       0%         N/A       94%         3
 Mephitic Cloud           Conj/Alch/Air  0%         N/A       94%         3
 Passwall                 Erth           0%         N/A       94%         3
 Sigil of Binding         Hex            0%         N/A       94%         3
 Swiftness                Air            0%         N/A       94%         3
 Teleport Other           Tloc           0%         N/A       94%         3
 Tukima's Dance           Hex            0%         N/A       94%         3
 Vampiric Draining        Necr           0%         2d6       94%         3
 Volatile Blastmotes      Fire/Tloc      0%         2d10      94%         3
 Anguish                  Hex/Necr       0%         N/A       100%        4
 Dimensional Bullseye     Hex/Tloc       0%         N/A       100%        4
 Dispel Undead            Necr           0%         3d6       100%        4
 Fulminant Prism          Conj/Alch      0%         3d5       100%        4
 Ignite Poison            Fire/Alch      0%         N/A       100%        4
 Iskenderun's Mystic Bla  Conj/Tloc      0%         2d3       100%        4
 Martyr's Knell           Necr/Summ      0%         N/A       100%        4
 Petrify                  Alch/Erth      0%         N/A       100%        4
 Summon Blazeheart Golem  Fire/Summ      0%         N/A       100%        4
 Summon Lightning Spire   Summ/Air       0%         N/A       100%        4
 Vhi's Electric Charge    Tloc/Air       0%         N/A       100%        4
 Alistair's Intoxication  Alch           0%         N/A       100%        5
 Arcjolt                  Conj/Air       0%         1d10      100%        5
 Borgnjor's Vile Clutch   Necr/Erth      0%         N/A       100%        5
 Freezing Cloud           Conj/Ice/Air   0%         6-21      100%        5
 Irradiate                Conj/Alch      0%         3d11      100%        5
 Iskenderun's Battlesphe  Conj           0%         2d6       100%        5
 Bombard                  Conj/Erth      0%         9d1       100%        6
 Eringya's Noxious Bog    Alch           0%         4d6       100%        6
 Starburst                Conj/Fire      0%         6d3       100%        6
 Orb of Destruction       Conj           0%         9d5       100%        7
 Spellforged Servitor     Conj/Summ      0%         N/A       100%        7
 Ignition                 Fire           0%         3d3       100%        8
 Maxwell's Capacitive Co  Air            0%         ∞         100%        8
 Chain Lightning          Conj/Air       0%         N/A       100%        9


Dungeon Overview and Level Annotations

Branches:
Dungeon (15/15)            Temple (0/1) D:5            Lair (5/5) D:10
  Swamp (4/4) Lair:3        Snake (4/4) Lair:3        Slime (5/5) Lair:5
    Orc (2/2) D:11            Elf (2/3) Orc:2        Vaults (2/5) D:13
 Depths (4/4) D:15            Zot (5/5) Depths:4
  Crypt: Vaults:2-3

Altars:
Cheibriados
Elyvilon
Kikubaaqudgha
Makhleb
Nemelex Xobeh
Okawaru
Sif Muna
Xom
Zin
The Shining One
Jiyva

Shops:
D:3 ?   D:7 (   D:12 *   D:13 [   Orc:2 =!![   Elf:1 =::**   Elf:2 (=:=
Snake:2 :=   Snake:4 (![   Depths:2 [

Portals:
Hell: Depths:1 Depths:2
Pandemonium: Depths:2
Ziggurat: Depths:1

Annotations:
D:7 exclusion: ice statue
D:8 exclusion: downstairs
D:9 exclusion: downstairs
D:10 2 transporters
D:13 1 transporter
Snake:2 Roxanne
Slime:5 Royal Jelly
Elf:2 2 runed translucent doors
Vaults:2 Mennas
Depths:1 exclusions: downstairs, hell hog, hell knight and 7 more exclusions


Innate Abilities, Weirdness & Mutations

You have a pair of horns on your head.
You reflexively headbutt those who attack you in melee.
You sometimes lose your temper in combat.
Your mind is very acute. (Int +8, Str/Dex -2)
You are clumsy. (Dex -2)
Your body often deteriorates upon taking damage.
You passively map a large area around you.
Your body is covered in eyes which may confuse attackers. (Acc +7, SInv)
You expend magic power (3 MP) to strengthen your wands.


Message History

Level annotation: exclusion: ice statue
There is a stone staircase leading down here.
There is an open door here.
There is a stone staircase leading up here.
You climb upwards.
There is a stone staircase leading down here.
There is a stone staircase leading up here.
You climb upwards.
There is a stone staircase leading down here.
A Sanischiu, a tormentor, a large abomination and a hellwing come into view.
Press: ? - help, v - describe, . - travel
Here: Sanischiu The floor.
Blink to where?
Press: ? - help, Dir - move target
As you read the scroll of blinking, it crumbles to dust.
The hellwing gives a chilling moan.
The tormentor moves out of view.
The large abomination moves out of view.
Sanischiu gestures.
Sanischiu flickers and vanishes for a moment.
You climb upwards.
There is a stone staircase leading down here.
What level of the Dungeon? (default 1, ? - help)
There is a stone staircase leading up here.
You climb upwards.
There is a stone staircase leading down here.
A tormentor comes into view.
The tormentor moves out of view.
There is a stone staircase leading up here.
You climb upwards.
There is a stone staircase leading down here.
What level of the Dungeon? (default 1, ? - help)
There is a stone staircase leading up here.
You climb upwards.
There is a stone staircase leading down here.
You enter the shallow water.
Moving in this stuff is going to be slow.
There is a staircase leading out of the dungeon here.
You have escaped!

.......#.♣.............♣.....####
..####♣♣♣~♣.....PP....♣~♣♣♣..###.
.....♣...♣~♣...PPPP..♣~♣...♣.##..
....♣.....♣~♣PPPPPPP♣~♣.....♣##.#
.###♣......♣~♣PPPPP♣~♣......♣...#
## ♣......P♣~♣PPP♣~♣P......♣..#.
# #♣......PP♣~♣♣♣~♣PPP...[.♣..#.
# #.♣....PPPP♣~~~♣PPPPP...♣...#.
####.#♣..PPPPP♣~@~♣PPPPP..♣....#.
..)..♣...PPPPP♣~~~♣PPPP....♣....#
####♣.....PPP♣~♣♣♣~♣PP....(.♣.#.#
# #.♣......P♣~♣PPP♣~♣P......♣.#..
#.♣......♣~♣PPPPP♣~♣......♣.##.
##.♣.....♣~♣PPPPPPP♣~♣.....♣.###
#..#♣...♣~♣...PPPP..♣~♣...♣..# #
#.###♣♣♣~♣.....PP....♣~♣♣♣...# #
##.# #♣.............♣......# #


There were no monsters in sight!

Vanquished Creatures
  Mara (Snake:4)
  3 orbs of fire (Zot:5)
  2 juggernauts (Depths:1)
  Josephina (Depths:2)
  A Killer Klown (Zot:5)
  4 caustic shrikes
  3 golden dragons
  A bone dragon (Depths:4)
  A Tzitzimitl (D:15)
  3 doom hounds (Zot:1)
  3 liches (Depths:2)
  10 tentacled monstrosities
  An electric golem (Zot:3)
  Mlioglotl (Snake:1)
  13 Orb Guardians
  4 quicksilver dragons
  11 acid blobs
  Frances (Snake:2)
  2 tengu reavers (Depths:2)
  Kirke (D:15)
  5 death cobs
  2 shadow dragons
  6 storm dragons
  A thorn hunter (Swamp:4)
  2 azure jellies
  A fenstrider witch (Swamp:4)
  2 protean progenitors (Zot:4)
  2 rockslimes
  2 nagarajas (Snake:4)
  7 frost giants
  2 iron dragons
  A ghost moth (Zot:3)
  5 vault wardens (Vaults:1)
  5 fire giants
  A balrug (Depths:1)
  A spriggan defender (Depths:2)
  6 quicksilver oozes
  The ghost of pigah the Black Belt, a journeyman OpSh of Gozag (D:13)
  4 formless jellyfish
  A juggernaut skeleton (Depths:2)
  A draconian annihilator (Depths:4)
  15 stone giants
  3 ironbound preservers (Vaults:1)
  20 very ugly things
  2 green draconians (Depths:4)
  4 white draconians
  3 vampire knights (Depths:1)
  4 ironbound thunderhulks (Vaults:1)
  2 deep elf demonologists
  5 eleionomae
  2 black draconians (Zot:3)
  3 deep elf death magi (Elf:1)
  6 dire elephants
  Azrael (D:14)
  3 yellow draconians
  6 ettins
  3 bunyips
  Snorg (D:10)
  2 great orbs of eyes (Slime:5)
  9 ice dragons
  5 yaktaur captains
  5 fire dragons
  3 rakshasas
  4 salamander tyrants
  A ghost crab (Swamp:4)
  2 vault guards (Vaults:1)
  2 ogre magi (Orc:2)
  19 hydras
  3 spriggan air magi
  A catoblepas (Lair:5)
  15 alligators
  5 boulder beetles
  6 anacondas
  5 tengu warriors
  A sphinx zombie (Depths:2)
  13 dancing weapons
  15 centaur warriors
  4 deep troll shamans
  An ironbound frostheart (Vaults:1)
  16 two-headed ogres
  7 deep troll earth magi
  11 naga warriors
  5 death yaks
  An orc high priest (Elf:1)
  4 shock serpents
  5 naga sharpshooters
  Urug (D:13)
  7 deep elf knights
  A hell knight (Depths:2)
  2 skysharks (Lair:5)
  3 soul eaters (Depths:1)
  3 spriggan berserkers
  5 iron trolls
  5 goliath frogs
  2 sun demons
  Lodul (D:14)
  4 salamander mystics (Snake:4)
  A glowing orange brain (Slime:2)
  5 spriggan druids
  24 deep trolls
  2 naga ritualists
  A mana viper (Snake:4)
  2 arcanists (Vaults:1)
  10 swamp dragons
  3 ironbound convokers (Vaults:1)
  5 bog bodies
  14 deep elf archers
  A necromancer (Depths:2)
  6 lindwurms
  4 phantasmal warriors
  2 tengu skeletons (Depths:2)
  17 deep elf zephyrmancers
  Pikel (D:4)
  18 deep elf pyromancers
  A golden dragon skeleton (Depths:2)
  A sphinx simulacrum (Depths:2)
  5 salamanders
  18 elephants
  4 shining eyes
  2 will-o-the-wisps (Swamp:3)
  Maurice (D:9)
  14 ugly things
  6 cyclopes
  2 frost giant skeletons (Depths:2)
  6 moths of wrath
  A guardian serpent (Snake:4)
  11 naga magi
  10 black mambas
  6 vault sentinels (Vaults:1)
  2 kobold blastminers (Orc:2)
  6 torpor snails
  2 smoke demons (Depths:1)
  17 cane toads
  2 gargoyles
  2 eyes of devastation (Slime:5)
  4 kobold demonologists
  Maggie (D:7)
  3 rime drakes
  2 efreet
  3 unseen horrors
  12 yaktaurs
  7 komodo dragons
  Psyche (D:11)
  3 merfolk (Zot:4)
  A polar bear (Lair:5)
  A tengu simulacrum (Depths:2)
  11 trolls
  7 tyrant leeches
  9 hornets
  20 blink frogs
  2 frost giant simulacra (Depths:2)
  22 dream sheep
  59 slime creatures
  2 air elementals (Elf:1)
  2 shadows (D:10)
  3 water elementals (Elf:1)
  15 spriggans
  2 basilisks
  4 wraiths
  5 fire elementals
  65 yaks
  5 hogs (D:15)
  4 wyverns
  3 wargs
  A steam dragon (D:6)
  Menkaure (D:7)
  18 vampire mosquitoes
  18 nagas
  14 swamp worms
  6 acid dragons
  18 water moccasins
  Duvessa (D:7)
  4 hell hounds (D:14)
  3 hydra simulacra (Swamp:2)
  A glowing shapeshifter skeleton (Depths:2)
  7 orc warriors
  5 black bears
  9 swamp drakes
  26 ogres
  2 boggarts
  17 wolves
  13 centaurs
  11 kobold brigands
  13 bullfrogs
  2 gnoll sergeants
  2 earth elementals
  19 wights
  Dowan (D:7)
  5 killer bees
  2 electric eels (Lair:3)
  5 howler monkeys
  A lava snake (D:7)
  6 jellies
  6 orc priests
  2 hounds (D:5)
  A sleepcap (D:6)
  11 orc wizards
  An iguana (D:6)
  A mummy (D:4)
  4 gnolls (D:8)
  8 adders
  3 shadow imps
  A white imp (D:6)
  2 ufetubi (D:6)
  3 ribbon worms
  3 dart slugs
  27 orcs
  6 ball pythons
  7 bats
  8 endoplasms
  2 giant cockroaches
  6 goblins
  9 hobgoblins
  2 jackals (D:4)
  A quokka (D:5)
  5 frilled lizards
  2 hobgoblin zombies (D:4)
  45 kobolds
  A kobold zombie (D:4)
  An orc zombie (D:4)
  5 rats
  An aspiring flesh (Zot:4)
  A spectral weapon (Swamp:3)
1331 creatures vanquished.

Vanquished Creatures (collateral kills)
  A tentacled monstrosity (Depths:2)
  2 fire giants (Depths:2)
  A fire dragon (Depths:2)
  A hydra (Swamp:4)
  A spriggan berserker (Depths:2)
  A swamp dragon (Swamp:4)
  A necromancer (Depths:2)
  An ugly thing (Depths:2)
9 creatures vanquished.

Vanquished Creatures (others)
  An ironbound thunderhulk (Vaults:2)
  A vampire knight (Depths:2)
  A purple draconian (Depths:4)
  2 great orbs of eyes (Vaults:2)
  A yaktaur captain (Vaults:2)
  2 vault guards (Vaults:1)
  A caustic shrike simulacrum (Depths:2)
  A radroach (shapeshifter) (Depths:2)
  A dancing weapon (Elf:2)
  An alligator (Swamp:3)
  A glowing orange brain (Depths:1)
  An orb spider (shapeshifter) (Elf:1)
  2 deep elf zephyrmancers (Elf:1)
  An ironbound convoker (Vaults:2)
  A steelbarb worm (shapeshifter) (Depths:2)
  A moth of wrath (Zot:2)
  An eye of devastation (shapeshifter) (Depths:2)
  A cane toad (Lair:5)
  4 bloated husks
  2 glass eyes
  5 slime creatures (Vaults:1)
  A vampire mosquito (Swamp:3)
  A swamp worm (Swamp:1)
  2 swamp drakes (Swamp:2)
  88 jellies
  2 orcs (Elf:2)
  4 foxfires (Swamp:3)
130 creatures vanquished.

Grand Total: 1470 creatures vanquished

Notes
Turn   | Place    | Note
-------+----------+-------------------------------------------
     0 | D:1      | Monkooky the Minotaur Fighter began the quest for the Orb.
     0 | D:1      | Reached XP level 1. HP: 19/19 MP: 0/0
   129 | D:1      | Reached XP level 2. HP: 19/26 MP: 1/1
   596 | D:2      | Reached XP level 3. HP: 28/31 MP: 2/2
   616 | D:2      | Found a shimmering altar of Xom.
   650 | D:2      | Found a faded altar of an unknown god.
   655 | D:2      | Prayed at the altar of an unknown god.
   655 | D:2      | Became a worshipper of Elyvilon the Healer
   655 | D:2      | Reached * piety under Elyvilon
   756 | D:2      | Reached skill level 5 in Axes
   775 | D:2      | Identified the scarf "Regargh" {+Inv, rElec}
  1187 | D:3      | Found Voetep's Magic Scroll Emporium.
  1202 | D:3      | Bought a scroll of identify for 28 gold pieces
  1202 | D:3      | Bought a scroll of fog for 56 gold pieces
  1383 | D:3      | Reached XP level 4. HP: 39/39 MP: 3/3
  1598 | D:3      | Bought a scroll of immolation for 56 gold pieces
  1671 | D:3      | Identified a scroll of acquirement
  1672 | D:3      | Acquired the amulet "Hellues" {RegenMP *Corrode +Blink
                  | rElec Slay+5}
  1798 | D:3      | Reached ** piety under Elyvilon
  1917 | D:4      | Reached XP level 5. HP: 45/45 MP: 4/4
  2258 | D:4      | Found a snail-covered altar of Cheibriados.
  2258 | D:4      | Found an ancient bone altar of Kikubaaqudgha.
  2313 | D:4      | Noticed Pikel
  2313 | D:4      | Noticed a lemure
  2315 | D:4      | Killed Pikel
  2316 | D:4      | Reached XP level 6. HP: 51/51 MP: 5/5
  2316 | D:4      | Reached XP level 7. HP: 57/57 MP: 6/6
  2428 | D:5      | Entered Level 5 of the Dungeon
  2566 | D:5      | Acquired the +3 broad axe "Jellybane" {holy, Fly rC+ Str+5
                  | Int-2}
  2594 | D:5      | Reached skill level 10 in Axes
  2602 | D:5      | Found a burning altar of Makhleb.
  2605 | D:5      | Reached *** piety under Elyvilon
  2798 | D:5      | Acquired the ring of the Death Scarab {rF+ Int+6 Dex+3}
  2898 | D:5      | Found a staircase to the Ecumenical Temple.
  3235 | D:6      | Reached XP level 8. HP: 52/64 MP: 7/7
  3759 | D:6      | Reached **** piety under Elyvilon
  4105 | D:3      | Bought a scroll of enchant weapon for 105 gold pieces
  4105 | D:3      | Bought a scroll of poison for 56 gold pieces
  4190 | D:7      | Noticed Dowan
  4190 | D:7      | Noticed Duvessa
  4198 | D:7      | Killed Dowan
  4201 | D:7      | Killed Duvessa
  4339 | D:7      | Noticed Menkaure
  4344 | D:7      | Killed Menkaure
  4603 | D:7      | Found Uqil's Weapon Shop.
  5092 | D:7      | Reached XP level 9. HP: 57/70 MP: 8/8
  5138 | D:7      | Noticed Maggie
  5146 | D:7      | Killed Maggie
  5360 | D:7      | Found a glowing silver altar of Zin.
  5366 | D:7      | Found a sparkling altar of Nemelex Xobeh.
  5368 | D:7      | Found a shimmering altar of Xom.
  5369 | D:7      | Found an iron altar of Okawaru.
  5415 | D:7      | Noticed an ice statue
  5539 | D:8      | Reached skill level 15 in Axes
  6112 | D:9      | Noticed Maurice
  6120 | D:8      | Reached XP level 10. HP: 45/77 MP: 9/9
  6473 | D:8      | Found a glowing golden altar of the Shining One.
  6800 | D:9      | Something stole an amulet of magic regeneration
  6801 | D:9      | Something stole 84 gold
  6808 | D:9      | Something stole 14 poisoned darts
  6809 | D:9      | Something stole a +4 heavy broad axe
  6812 | D:9      | Killed Maurice
  7111 | D:9      | Reached ***** piety under Elyvilon
  7621 | D:10     | Entered Level 10 of the Dungeon
  7651 | D:10     | Noticed Snorg
  7663 | D:10     | Noticed a two-headed ogre
  7666 | D:10     | Killed Snorg
  7667 | D:10     | Reached skill level 1 in Dodging
  7940 | D:10     | Reached skill level 5 in Fighting
  7940 | D:10     | Reached skill level 5 in Armour
  8104 | D:10     | Found a staircase to the Lair.
  8199 | D:10     | Killed a two-headed ogre
  8200 | D:10     | Reached XP level 11. HP: 91/91 MP: 10/10
  8406 | D:10     | Found a transporter.
  8408 | D:10     | Found a transporter.
  8409 | D:10     | Noticed a boulder beetle
  9169 | Lair:1   | Entered Level 1 of the Lair of Beasts
  9213 | Lair:1   | Reached skill level 1 in Invocations
  9383 | Lair:1   | Noticed a death yak
  9393 | Lair:1   | Killed a death yak
  9394 | Lair:1   | Reached skill level 5 in Dodging
  9966 | Lair:1   | Reached skill level 5 in Shields
  9973 | Lair:1   | Reached XP level 12. HP: 103/105 MP: 12/12
 10043 | Lair:1   | Reached skill level 10 in Fighting
 10116 | Lair:1   | Reached skill level 10 in Armour
 10400 | Lair:2   | Reached ****** piety under Elyvilon
 10451 | Lair:2   | Found a transporter.
 10508 | Lair:2   | Found a transporter.
 11769 | Lair:3   | You are sucked into a shaft and drop 1 floor!
 11866 | Lair:3   | Reached XP level 13. HP: 108/118 MP: 13/13
 11907 | Lair:3   | Identified the +4 flail "Xisal" {spect, rF+ Will+ Str+2}
 12290 | Lair:3   | Found a staircase to the Swamp.
 12449 | Lair:3   | Found a staircase to the Snake Pit.
 12748 | Lair:4   | Reached skill level 10 in Shields
 13525 | Lair:5   | Entered Level 5 of the Lair of Beasts
 13584 | Lair:5   | Reached skill level 1 in Evocations
 13586 | Lair:5   | Reached skill level 5 in Evocations
 13877 | Lair:5   | Reached XP level 14. HP: 120/127 MP: 14/14
 14213 | Lair:5   | Found a staircase to the Slime Pits.
 14495 | Lair:5   | Reached skill level 10 in Evocations
 15067 | Slime:1  | Entered Level 1 of the Pits of Slime
 15412 | Lair:2   | Identified the +1 pair of boots of Toothy Music {rPois
                  | Str-4 Dex+6 Stlth+}
 15726 | D:11     | Noticed Psyche
 15733 | D:11     | Killed Psyche
 15957 | D:11     | Found a staircase to the Orcish Mines.
 16104 | Orc:1    | Entered Level 1 of the Orcish Mines
 16166 | Orc:2    | Entered Level 2 of the Orcish Mines
 16169 | Orc:2    | Found Zohot's Jewellery Shop.
 16305 | Orc:2    | Found Ydef's Distillery.
 16308 | Orc:2    | Found Tudas's Armour Shoppe.
 16463 | Orc:2    | Bought a potion of attraction for 42 gold pieces
 16463 | Orc:2    | Bought a potion of lignification for 42 gold pieces
 16463 | Orc:2    | Bought a potion of invisibility for 112 gold pieces
 16479 | Orc:2    | Found Namempim's Distillery.
 16488 | Orc:2    | Bought a potion of brilliance for 68 gold pieces
 16488 | Orc:2    | Bought a potion of enlightenment for 85 gold pieces
 16843 | Orc:2    | Found a staircase to the Elven Halls.
 17108 | Slime:1  | Noticed an acid blob
 17335 | D:12     | Reached XP level 15. HP: 134/134 MP: 15/15
 17411 | D:12     | Got the Vellum of Experimentation
 17451 | D:12     | Found Obixkaok's Neck Hole.
 17480 | D:12     | Identified the ring of Igileyl {Ice Fly rPois rN++ Str-5}
 18227 | D:13     | Found Gasal's Armour Emporium.
 18235 | D:13     | Bought a +1 pair of boots of rampaging for 231 gold pieces
 18335 | D:13     | Noticed Urug
 18347 | D:13     | Killed Urug
 18643 | D:13     | Found a shimmering blue altar of Sif Muna.
 18737 | D:13     | Found a gate to the Vaults.
 18930 | D:13     | Found a transporter.
 19003 | D:13     | Found a runed translucent door.
 19006 | D:13     | Noticed pigah's ghost (journeyman OpSh)
 19006 | D:13     | Identified the +5 spear of Somewhere Else {holy, rN+}
 19277 | D:14     | Noticed Lodul
 19285 | D:14     | Killed Lodul
 19602 | D:14     | Found a sparkling altar of Nemelex Xobeh.
 19651 | D:14     | Noticed Azrael
 19663 | D:14     | Killed Azrael
 20347 | D:15     | Entered Level 15 of the Dungeon
 20430 | D:15     | Found a staircase to the Depths.
 20819 | D:15     | Noticed Kirke
 20828 | D:15     | Killed Kirke
 21246 | Snake:1  | Entered Level 1 of the Snake Pit
 21458 | Snake:1  | HP: 4/138 [poisoned by a naga ritualist (toxic radiance)]
 21471 | Snake:1  | Reached XP level 16. HP: 140/147 MP: 9/16
 21538 | Snake:1  | Acquired 936 gold pieces
 21550 | Snake:1  | Noticed Mlioglotl
 21557 | Snake:1  | Killed Mlioglotl
 21710 | Snake:2  | Noticed Frances
 21720 | Snake:2  | Killed Frances
 21773 | Snake:2  | Found Meitsieg's Jewellery Shop.
 21773 | Snake:2  | Found Bion's Book Boutique.
 21789 | Snake:2  | Bought the ring of Wiocseib {rPois Str+2} for 436 gold
                  | pieces
 21819 | Snake:2  | Identified the granite talisman of Loescheot {*Corrode Fly
                  | Str-2 Stlth+}
 21819 | Snake:2  | Noticed Roxanne
 22155 | Snake:2  | Identified the +9 falchion "Worm's Wrath" {flame, rElec
                  | Dex+2 SInv Stlth+}
 22843 | Snake:4  | Entered Level 4 of the Snake Pit
 23103 | Snake:4  | Found Jemoc's Weapon Shop.
 23105 | Snake:4  | Found Baom Pis's Distillery.
 23107 | Snake:4  | Found Wydo's Antique Armour Shop.
 23113 | Snake:4  | Bought a potion of attraction for 66 gold pieces
 23113 | Snake:4  | Bought a potion of curing for 66 gold pieces
 23113 | Snake:4  | Bought a potion of might for 88 gold pieces
 23113 | Snake:4  | Bought a potion of attraction for 66 gold pieces
 23113 | Snake:4  | Bought a potion of heal wounds for 110 gold pieces
 23113 | Snake:4  | Bought a potion of heal wounds for 110 gold pieces
 23115 | Snake:4  | Bought an ichor-stained plate armour for 784 gold pieces
 23115 | Snake:4  | Identified the +8 plate armour "Usarhot" {+Blink rElec
                  | Str+2} (You bought it in a shop on level 4 of the Snake
                  | Pit)
 23384 | Snake:4  | Noticed Mara
 23407 | Snake:4  | Noticed Monkooky's illusion
 23424 | Snake:4  | Noticed Monkooky's illusion
 23444 | Snake:4  | Killed Mara
 23445 | Snake:4  | Reached skill level 15 in Fighting
 23632 | Snake:4  | Elyvilon protects you from harm!
 23633 | Snake:4  | Reached skill level 15 in Armour
 23633 | Snake:4  | HP: 7/149 [poisoned by a naga warrior (splash of poison)]
 24599 | Snake:4  | Got a serpentine rune of Zot
 25101 | Slime:1  | Noticed an acid blob
 25187 | Slime:1  | Killed an acid blob
 25192 | Slime:1  | Killed an acid blob
 25299 | Slime:2  | Noticed an acid blob
 25303 | Slime:2  | Noticed an acid blob
 25345 | Slime:2  | Noticed an acid blob
 25502 | Slime:1  | Killed an acid blob
 25648 | Slime:1  | Killed an acid blob
 25750 | Slime:2  | Killed an acid blob
 25835 | Slime:3  | Reached XP level 17. HP: 133/158 MP: 8/17
 25835 | Slime:3  | Noticed an acid blob
 25968 | Slime:3  | Noticed an acid blob
 25998 | Slime:3  | Killed an acid blob
 26006 | Slime:3  | Killed an acid blob
 26130 | Slime:4  | Gained mutation: You sometimes lose your temper in combat.
                  | [a shining eye]
 26223 | Slime:4  | Noticed an acid blob
 26545 | Slime:4  | Killed an acid blob
 26615 | Slime:5  | Entered Level 5 of the Pits of Slime
 26721 | Slime:5  | Noticed an acid blob
 26721 | Slime:5  | Noticed an acid blob
 26722 | Slime:5  | Noticed an acid blob
 26730 | Slime:5  | Killed an acid blob
 26732 | Slime:5  | Killed an acid blob
 26737 | Slime:5  | Killed an acid blob
 26757 | Slime:5  | Gained mutation: You are weak. (Str -2) [a shining eye]
 26758 | Slime:5  | Gained mutation: You are very weak. (Str -4) [a shining
                  | eye]
 26759 | Slime:5  | Gained mutation: Armour fits poorly on your strangely
                  | shaped body. [a shining eye]
 26760 | Slime:5  | Gained mutation: Your magical capacity is low. (-10% MP) [a
                  | shining eye]
 26766 | Slime:5  | Lost mutation: Armour fits poorly on your strangely shaped
                  | body. [potion of mutation]
 26766 | Slime:5  | Lost mutation: Your magical capacity is low. (-10% MP)
                  | [potion of mutation]
 26766 | Slime:5  | Lost mutation: You sometimes lose your temper in combat.
                  | [potion of mutation]
 26766 | Slime:5  | Gained mutation: You have an increased reservoir of magic.
                  | (+10% MP) [potion of mutation]
 26771 | Slime:5  | Found a viscous altar of Jiyva.
 26780 | Slime:5  | Fell from the grace of Elyvilon
 26780 | Slime:5  | Became a worshipper of Jiyva Jekhluys the Shapeless
 26821 | Slime:5  | Noticed an acid blob
 26842 | Slime:5  | Noticed the Royal Jelly
 26937 | Slime:5  | Noticed an acid blob
 27089 | Swamp:1  | Entered Level 1 of the Swamp
 27165 | Swamp:1  | Reached skill level 15 in Shields
 27464 | Swamp:1  | Identified the +5 sling of Ancient Evil {heavy, rElec
                  | Will++}
 27831 | Swamp:2  | Reached * piety under Jiyva
 28034 | Swamp:2  | Identified the +0 chain mail of Lugonu, Gnashing {Slay+3}
 28356 | Swamp:2  | Identified the +1 scale mail of the Monk {Will- rCorr Str+4
                  | Slay+6}
 28819 | Swamp:4  | Entered Level 4 of the Swamp
 28869 | Swamp:4  | Reached ** piety under Jiyva
 28870 | Swamp:4  | Noticed a tentacled monstrosity
 28884 | Swamp:4  | Killed a tentacled monstrosity
 28885 | Swamp:4  | Reached skill level 10 in Dodging
 28886 | Swamp:4  | Reached XP level 18. HP: 141/171 MP: 20/20
 29548 | Swamp:4  | Got a decaying rune of Zot
 29812 | D:13     | Killed pigah's ghost
 29942 | Depths:1 | Entered Level 1 of the Depths
 30166 | Depths:1 | Found a gateway to Hell.
 30409 | Depths:1 | Found a one-way gateway to a ziggurat.
 30493 | Depths:1 | Reached *** piety under Jiyva
 30493 | Depths:1 | Lost mutation: You are very weak. (Str -4) [Jiyva's grace]
 30493 | Depths:1 | Gained mutation: Your body has grown eyes which may confuse
                  | attackers. (Acc +3) [Jiyva's grace]
 30493 | Depths:1 | Gained mutation: Your body has grown many eyes which may
                  | confuse attackers. (Acc +5) [Jiyva's grace]
 30493 | Depths:1 | Gained mutation: Your body is covered in eyes which may
                  | confuse attackers. (Acc +7, SInv) [Jiyva's grace]
 30493 | Depths:1 | Gained mutation: Your spells are a little harder to cast,
                  | but a little more powerful. [Jiyva's grace]
 30610 | Depths:1 | Noticed a golden dragon
 30617 | Depths:1 | Killed a golden dragon
 31140 | Depths:2 | Noticed a caustic shrike
 31141 | Depths:2 | Noticed a tentacled monstrosity
 31149 | Depths:2 | Killed a caustic shrike
 31151 | Depths:2 | Noticed a tentacled monstrosity
 31152 | Depths:2 | Noticed a juggernaut
 31154 | Depths:2 | Killed a tentacled monstrosity
 31155 | Depths:2 | Reached XP level 19. HP: 83/183 MP: 21/21
 31156 | Depths:2 | HP: 8/183 [fire giant/fireball (35)]
 31157 | Depths:2 | Noticed a juggernaut
 31282 | Depths:1 | Killed a juggernaut
 31287 | Depths:1 | Killed a juggernaut
 31401 | Depths:2 | Noticed a caustic shrike
 31411 | Depths:1 | Killed a caustic shrike
 31595 | Elf:1    | Entered Level 1 of the Elven Halls
 31695 | Elf:1    | Found Vaugraku's Assorted Antiques.
 31707 | Elf:1    | Bought a scroll of fog for 144 gold pieces
 31707 | Elf:1    | Bought a potion of curing for 108 gold pieces
 31707 | Elf:1    | Bought a scroll of teleportation for 108 gold pieces
 31707 | Elf:1    | Bought a scroll of teleportation for 108 gold pieces
 31716 | Elf:1    | Identified the ring of Arhidos {Fire Dex+5}
 31733 | Elf:1    | Found Juxkel's Assorted Antiques.
 31742 | Elf:1    | Bought a wand of paralysis (5) for 336 gold pieces
 31845 | Elf:1    | Found Goducaut's Book Emporium.
 31878 | Elf:1    | Paralysed by an air elemental for 1 turns
 31909 | Elf:1    | Got the Almanac of the Gang
 31996 | Elf:1    | Found Qoifee's Jewellery Boutique.
 32214 | Elf:1    | Found Dasaalia's Book Emporium.
 32413 | Elf:2    | Noticed a Brimstone Fiend
 32422 | Elf:2    | Found Kajuij's Jewellery Shop.
 32422 | Elf:2    | Found Muppoor's Book Emporium.
 32423 | Elf:2    | Found Beofimam's Jewellery Shop.
 32505 | Elf:2    | Found a runed translucent door.
 32524 | Elf:2    | Reached **** piety under Jiyva
 32822 | Elf:2    | Found Pebomusy's Antique Weapon Shoppe.
 32884 | Elf:2    | Found a runed translucent door.
 33127 | Vaults:1 | Entered Level 1 of the Vaults
 33309 | Vaults:1 | Reached XP level 20. HP: 167/195 MP: 22/22
 33592 | Vaults:1 | Identified the +6 scimitar of Cowardice {flame, *Noise
                  | ^Fragile rF+ rC+++}
 33872 | Vaults:1 | Lost mutation: You have an increased reservoir of magic.
                  | (+10% MP) [Jiyva's grace]
 33872 | Vaults:1 | Lost mutation: Your spells are a little harder to cast, but
                  | a little more powerful. [Jiyva's grace]
 33872 | Vaults:1 | Lost mutation: Your body is covered in eyes which may
                  | confuse attackers. (Acc +7, SInv) [Jiyva's grace]
 33872 | Vaults:1 | Gained mutation: Your body is covered in eyes which may
                  | confuse attackers. (Acc +7, SInv) [Jiyva's grace]
 33872 | Vaults:1 | Gained mutation: Your mind is acute. (Int +4, Str/Dex -1)
                  | [Jiyva's grace]
 33872 | Vaults:1 | Gained mutation: Your mind is very acute. (Int +8, Str/Dex
                  | -2) [Jiyva's grace]
 33872 | Vaults:1 | Gained mutation: You have a small jelly attached to you
                  | that may absorb projectiles. [Jiyva's grace]
 34134 | Vaults:1 | Reached ***** piety under Jiyva
 34435 | Vaults:2 | Noticed Mennas
 34722 | Depths:2 | Noticed a golden dragon
 34730 | Depths:2 | Killed a golden dragon
 34835 | Depths:2 | Noticed a caustic shrike
 34836 | Depths:2 | Noticed a caustic shrike
 34848 | Depths:2 | Killed a caustic shrike
 34849 | Depths:2 | Killed a caustic shrike
 35167 | Depths:2 | Found Ekied's Antique Armour Boutique.
 35220 | Depths:2 | Found a one-way gate leading to the halls of Pandemonium.
 35255 | Depths:2 | Identified the ring "Myofioxi" {Ice rN++ Will+ rCorr Dex-4}
 35255 | Depths:2 | Noticed Josephina
 35266 | Depths:2 | Killed Josephina
 35556 | Depths:2 | Lost mutation: Your body is covered in eyes which may
                  | confuse attackers. (Acc +7, SInv) [Jiyva's grace]
 35556 | Depths:2 | Gained mutation: Your body is covered in eyes which may
                  | confuse attackers. (Acc +7, SInv) [Jiyva's grace]
 35556 | Depths:2 | Gained mutation: You passively map a small area around you.
                  | [Jiyva's grace]
 35556 | Depths:2 | Gained mutation: You passively map the area around you.
                  | [Jiyva's grace]
 35556 | Depths:2 | Gained mutation: You passively map a large area around you.
                  | [Jiyva's grace]
 35748 | Depths:2 | Reached ****** piety under Jiyva
 36305 | Slime:5  | Identified the +5 scale mail "Dophas" {rElec}
 36307 | Slime:5  | Identified the +0 pair of boots of the Soldier {rF- Will+
                  | Str+4 Stlth+}
 36312 | Slime:5  | Got a slimy rune of Zot
 36313 | Slime:5  | Identified the amulet of Past Mistakes {rF+ Regen+}
 36315 | Slime:5  | Identified the ring of Miuss {Wiz rElec Str-2 SInv}
 36317 | Slime:5  | Identified the +2 sling of Utezoa {drain, rN+ Str+4 Int+3}
 36319 | Slime:5  | Identified the ring "Hoarch" {rElec rC+ rCorr}
 36323 | Slime:5  | Identified the +0 pair of gloves "Wecrahoe" {rC++ Stlth+}
 36773 | Depths:4 | Entered Level 4 of the Depths
 36842 | Depths:4 | Reached XP level 21. HP: 206/206 MP: 21/21
 36858 | Depths:4 | Found a flickering gateway to a bazaar.
 36879 | Bazaar   | Entered a bazaar
 36879 | Bazaar   | Found Wusussiu's General Store.
 36879 | Bazaar   | Found Esef's Antique Weapon Shoppe.
 36879 | Bazaar   | Found Iraul's Antique Armour Emporium.
 36881 | Bazaar   | Found Tahutaz's Antique Weapon Shoppe.
 36883 | Bazaar   | Bought 2 potions of curing for 90 gold pieces
 36883 | Bazaar   | Bought a scroll of enchant weapon for 112 gold pieces
 36883 | Bazaar   | Bought a potion of enlightenment for 75 gold pieces
 36924 | Depths:4 | Found a gate to the Realm of Zot.
 36929 | Zot:1    | Entered Level 1 of the Realm of Zot
 36940 | Zot:1    | Noticed Grunn
 36947 | Zot:1    | Slimified Grunn
 36947 | Zot:1    | Grunn changed into Grunn the azure jelly
 36947 | Zot:1    | Noticed Grunn
 37268 | Zot:5    | Entered Level 5 of the Realm of Zot
 37394 | Zot:5    | Noticed a golden dragon
 37400 | Zot:5    | Killed a golden dragon
 37797 | Zot:5    | Got a prismatic gem with 165 turns to spare
 37832 | Zot:5    | Noticed an orb of fire
 37832 | Zot:5    | Noticed a Killer Klown
 37834 | Zot:5    | Noticed an orb of fire
 37838 | Zot:5    | Noticed a Killer Klown
 37844 | Zot:5    | Noticed an orb of fire
 37845 | Zot:5    | Noticed an orb of fire
 37846 | Zot:5    | Gained mutation: You sometimes lose your temper in combat.
                  | [an orb of fire]
 37846 | Zot:5    | Gained mutation: Your spells are a little easier to cast,
                  | but a little less powerful. [an orb of fire]
 37848 | Zot:5    | Killed an orb of fire
 37848 | Zot:5    | Gained mutation: You are clumsy. (Dex -2) [an orb of fire]
 37851 | Zot:5    | Gained mutation: Your body sometimes deteriorates upon
                  | taking damage. [an orb of fire]
 37853 | Zot:5    | Noticed a Killer Klown
 37857 | Zot:5    | Noticed a dread lich
 37857 | Zot:5    | Noticed a dread lich
 37858 | Zot:5    | Gained mutation: Your body often deteriorates upon taking
                  | damage. [an orb of fire]
 37859 | Zot:5    | Lost mutation: Your spells are a little easier to cast, but
                  | a little less powerful. [potion of mutation]
 37859 | Zot:5    | Lost mutation: You are weak. (Str -2) [potion of mutation]
 37859 | Zot:5    | Lost mutation: Your body often deteriorates upon taking
                  | damage. [potion of mutation]
 37859 | Zot:5    | Lost mutation: You have a small jelly attached to you that
                  | may absorb projectiles. [potion of mutation]
 37859 | Zot:5    | Gained mutation: You expend magic power (3 MP) to
                  | strengthen your wands. [potion of mutation]
 37860 | Zot:5    | Noticed an orb of fire
 37862 | Zot:5    | Killed an orb of fire
 37867 | Zot:5    | Gained mutation: Your body often deteriorates upon taking
                  | damage. [an orb of fire]
 37869 | Zot:5    | Killed an orb of fire
 37872 | Zot:5    | Killed a Killer Klown
 37899 | Zot:5    | Got the Orb of Zot
 38110 | Depths:4 | Noticed a golden dragon
 38216 | D:15     | Reached XP level 22. HP: 159/201 MP: 22/22
 38415 | D:5      | Noticed Sanischiu the pandemonium lord
 38467 | D:$      | Escaped with the Orb!

Illustrated notes

Levels and vault maps discovered:
D:1:      orjb1_clovarrival, layout_rooms, minmay_circled_x
D:2:      layout_loops_ring, chequers_ecumenical_altar_simple_redux, basic_altar
D:3:      cheibrodos_helix_gallery, layout_basic, serial_shops, shop,
          minmay_between
D:4:      dreamdust_elfheim, layout_cave_pools, gammafunk_temple_overflow_wave,
          minmay_mini_ossuary, uniq_pikel
D:5:      layout_loops_ring, amcnicky_altar_gilded, minmay_temple_entry_statues
D:6:      layout_loops_corners
D:7:      lemuel_ice_statue, layout_loops_corners, minitemple, serial_shops,
          shop, minmay_misc_feat_five, kennysheep_cross_room, uniq_menkaure,
          uniq_duvessa, uniq_maggie
D:8:      layout_rooms, nicolae_overflow_hidden_temple
D:9:      layout_loops_ring, feat_on_display, uniq_maurice
D:10:     gammafunk_boulding_lane, layout_irregular_city, david_lair_generic,
          kennysheep_kite_vault, uniq_snorg
D:11:     layout_cave_pools, orc_0_dummy, uniq_psyche
D:12:     layout_irregular_city, nicolae_shop_sticking_my_neck_out
D:13:     gammafunk_sealed_library, layout_stronghold, david_vaults_2,
          serial_shops, shop, ebering_ghost_funeral_grove, uniq_urug
D:14:     minmay_inner_zag, layout_irregular_city, basic_altar, uniq_lodul,
          uniq_azrael
D:15:     grunt_enter_depths_snipers, layout_rooms, fountainhead, uniq_kirke
Lair:1:   layout_cave_shapes
Lair:2:   gammafunk_worm_tunnel, layout_regular_city, st_stairs_13,
          serial_bayou_shore_b
Lair:3:   layout_cellular_growth, nicolae_swamp_entry_splash_gauntlet,
          alex1729_snake_entry_snake
Lair:4:   layout_gridlike
Lair:5:   grunt_lair_end_beastmaster, layout_loops_ring,
          nicolae_slime_entry_field_trip, grunt_megastairs_2, lemuel_fruit_tree
Swamp:1:  layout_falls_marsh, hangedman_swamp_ruin_hall
Swamp:2:  layout_basic_swamp, nicolae_swamp_triple_paths, swamp_pool_5,
          hangedman_swamp_double_dragon, infiniplex_staircase_pool
Swamp:3:  layout_falls_marsh, evilmike_swamp_ruin_house_2, roderic_carrion_pond
Swamp:4:  swamp, layout_basic_swamp, nicolae_swamp_tree_designs
Snake:1:  layout_onion_interference, nicolae_integral_box, serial_bayou_shore_b,
          uniq_mlioglotl
Snake:2:  layout_grid_maze, serial_bayou_pond_d, minmay_shoptagon, uniq_frances,
          uniq_roxanne
Snake:3:  layout_rooms, serial_library_hellmonk_open_square, uniq_aizul
Snake:4:  snake_pit, layout_chambers, st_stairs_1, minmay_shop_star, uniq_mara
Slime:1:  layout_caves
Slime:2:  layout_caves
Slime:3:  layout_caves
Slime:4:  layout_caves
Slime:5:  slime_pit_nicolae_royal_road_to_ruin
Orc:1:    layout_diamond_mine, serial_shops, nicolae_square_shop,
          nicolae_shop_back_alley_shop
Orc:2:    st_orc_open, layout_caves
Elf:1:    layout_geoelf_octagon, serial_shops, shop, nicolae_shop_tiny_glass,
          shop, nicolae_shop_hallway_stairs, shop, minmay_elf_demonology
Elf:2:    elven_hall_of_blades_hangedman_original
          [nicolae_blade_entry_splitting_headache], layout_onion_city,
          serial_shops, nicolae_shop_dealshenge, minmay_shop_grove,
          uniq_saint_roka, uniq_asterion, uniq_agnes
Vaults:1: grunt_vaults_funnel, vaults_standard_mumra_x, grunt_vaults_focal,
          nicolae_vaults_wrenched, nicolae_vaults_bisected_exclaves,
          nicolae_vaults_asterisk, v_alt_pattern_2, layout_vaults_quadrants
Vaults:2: v_misc_15, grunt_vaults_swirl, minmay_crypt_entry_nasty_monster,
          nicolae_vaults_yaktaur_gun_rack, v_rooms_6,
          nicolae_vaults_frosty_reception, v_misc_13, ontoclasm_vaults_gateway,
          vaults_mumra_hex, layout_vaults_big_room, uniq_mennas
Depths:1: layout_twisted_cross, enter_ziggurat_c, minmay_misc_feat_iff,
          hellmouth_3, kennysheep_crisscross,
          minmay_checkered_concentric_circles
Depths:2: minmay_central_circle, layout_cave_shapes, pan_entry,
          pf_hell_entry_tar_spiral, minmay_misc_feat_enclosed, serial_shops,
          nicolae_shop_hallway_plus, uniq_josephina
Depths:3: dreamdust_cat_pyramid, layout_gridlike, hangedman_geh_valley,
          serial_rivers, chequers_serial_rivers_micro_c,
          chequers_serial_rivers_room_b, chequers_serial_rivers_micro_c,
          chequers_serial_rivers_small_a, chequers_serial_rivers_small_3,
          nicolae_uskayaw_murder_on_the_dancefloor, rand_demon_pan_entry_9,
          nicolae_abyss_entry_one_way_or_another, infiniplex_staircase_river,
          uniq_enchantress
Depths:4: grunt_x_marks_the_spot, layout_cave_pools, roderic_serpentine_path,
          serial_shops, bzr_entry_safe, hell_entry, solitary_fountain,
          serial_bayou_shore_b, serial_bayou_shore_b
Zot:1:    layout_gridlike, zot_minivault_3, uniq_grunn
Zot:2:    lemuel_halls_of_wrath, layout_basic
Zot:3:    dreamdust_zin_vs_xom, layout_concentric_octagons,
          regret_index_zotdec_serpentine_scales, gammafunk_ghost_grave
Zot:4:    grunt_twist_and_shout, layout_cathedral_of_symmetry, door_vault
Zot:5:    layout_basic

Skill      XL: |  1  2  3  4  5  6  7  8  9 10 11 12 13 14 15 16 17 18 19 20 21 |
---------------+----------------------------------------------------------------+-----
Axes           | 3 4 5 6 9 11 14 16 18 19 | 19.2
Fighting       | 6 9 12 14 16 17 19 20 21 22 | 22.9
Armour         | 6 9 11 12 14 15 17 19 20 21 22 | 22.6
Dodging        | 3 5 6 8 10 11 12 13 14 | 14.1
Invocations    | 2 |  2.4
Shields        | 5 9 10 12 14 15 17 19 20 21 | 21.5
Evocations     | 8 13 14 | 14.0

Action                     |  1- 3 |  4- 6 |  7- 9 | 10-12 | 13-15 | 16-18 | 19-21 | 22-24 || total
---------------------------+-------+-------+-------+-------+-------+-------+-------+-------++-------
  Melee: War axe           |    86 |    87 |    12 |       |       |       |       |       ||   185
         Headbutt          |     6 |    12 |    20 |    70 |   167 |   209 |   217 |       ||   701
         Broad axe         |       |       |   133 |   382 |   687 |   777 |   743 |     2 ||  2724
         Unarmed           |       |       |       |       |     3 |       |       |       ||     3
  Throw: Dart              |       |       |       |     4 |     3 |       |     1 |       ||     8
 Invoke: Purification      |       |       |     1 |       |     3 |       |       |       ||     4
         Heal Self         |       |       |       |       |    27 |    27 |       |       ||    54
         Heal Other        |       |       |       |       |     1 |       |       |       ||     1
         Oozemancy         |       |       |       |       |       |     1 |     2 |       ||     3
         Slimify           |       |       |       |       |       |       |     1 |       ||     1
  Evoke: Wand              |       |       |       |     1 |     9 |    28 |     4 |     1 ||    43
    Use: Scroll            |     3 |     3 |     7 |     8 |     9 |    12 |     8 |     1 ||    51
         Potion            |       |       |       |     1 |     3 |     9 |    13 |       ||    26
   Stab: Petrified         |       |       |       |       |     6 |       |       |       ||     6
         Petrifying        |       |       |       |       |     2 |       |       |       ||     2
         Confused          |       |       |       |       |       |     4 |    27 |       ||    31
 Armour: Scale mail        |    11 |       |       |       |       |       |       |       ||    11
         Plate armour      |    57 |    75 |   127 |   303 |   613 |   940 |   729 |     2 ||  2846
  Dodge: Dodged            |    29 |    24 |    49 |   105 |   238 |   439 |   244 |       ||  1128
  Block: Buckler           |    24 |    19 |    40 |    76 |   147 |       |       |       ||   306
         Kite shield       |       |       |       |       |   105 |   725 |   117 |       ||   947
         Tower shield      |       |       |       |       |       |       |   716 |     3 ||   719
